 Dungeon Crawl Stone Soup version 0.21-a0-508-gf08a75f (webtiles) character file.

45 slep the Skirmisher (level 3, 0/29 HPs)
             Began as a Demonspawn Fighter on Nov 29, 2017.
             Slain by a quokka (1 damage)
             ... on level 2 of the Dungeon.
             The game lasted 00:03:25 (1069 turns).

slep the Skirmisher (Demonspawn Fighter)            Turns: 1069, Time: 00:03:25

Health: 0/29       AC:  9    Str: 16    XL:     3   Next: 42%
Magic:  3/3        EV:  4    Int:  9    God:
Gold:   130        SH:  9    Dex: 15    Spells: 2/2 levels left

rFire    . . .     SeeInvis .   a - +0 trident
rCold    . . .     Gourm    .   c - +0 shield
rNeg     . . .     Faith    .   j - +0 chain mail
rPois    .         Spirit   .   (no helmet)
rElec    .         Reflect  .   (no cloak)
rCorr    .         Harm     .   (no gloves)
MR       .....                  (no boots)
Stlth    ..........             (no amulet)
HPRegen  0.09/turn              (no ring)
MPRegen  0.08/turn              (no ring)

@: no status effects
A: thin skeletal structure 1
a: no special abilities


You were on level 2 of the Dungeon.
You were hungry.

You visited 1 branch of the dungeon, and saw 2 of its levels.

You collected 130 gold pieces.

Inventory:

Hand Weapons
 a - a +0 trident (weapon)
Armour
 b - a +0 scale mail
 c - a +0 shield (worn)
 j - a +0 chain mail (worn)
Scrolls
 e - a scroll of teleportation {unknown}
 g - 2 scrolls of identify {unknown}
 h - 2 scrolls of immolation {unknown}
 k - a scroll of amnesia {unknown}
 n - a scroll of remove curse {unknown}
Potions
 d - a potion of might
 l - a potion of heal wounds {unknown}
 m - 2 potions of curing {unknown}
Comestibles
 f - 2 bread rations
 i - a royal jelly


   Skills:
 + Level 3.4 Fighting
 + Level 2.1 Polearms
 + Level 3.0 Armour
 + Level 3.2 Shields


You had 2 spell levels left.
You didn't know any spells.

Dungeon Overview and Level Annotations

Branches:
Dungeon (2/15)

Altars:
Qazlal
Ru


Innate Abilities, Weirdness & Mutations

You have a somewhat thin skeletal structure. (Dex +2, Stealth)


Message History

You block the quokka's attack.
You hit the kobold but do no damage.
The kobold is severely wounded.
The kobold hits you but does no damage.
The quokka bites you but does no damage.
The kobold hits you but does no damage.
You hit the kobold but do no damage.
The kobold is severely wounded.
The quokka barely misses you. You block the kobold's attack.
The quokka bites you.
* * * LOW HITPOINT WARNING * * *
You closely miss the kobold.
The kobold is severely wounded.
You block the kobold's attack.
The quokka bites you but does no damage.
You block the kobold's attack.
You barely miss the kobold.
The kobold is severely wounded.
The quokka bites you.
You die...

###..#####.
#......###+####+#####...
#......##...........$...
#......##...............
#......##...............
#......##...............
#......##...............
#......##........K......
#......##.....(.@r......
######.###'###.........$
#..##.# #..........
##.##.# #..........
#.##.# #####+#########+#
#.##.# #............#
#.##.# #............#
#....# #............#
#....# #............#


You could see a quokka and a kobold.

Vanquished Creatures
  A dart slug (D:2)
  A worm (D:2)
  4 bats
  4 goblins
  5 hobgoblins
  6 jackals (D:1)
  2 ball pythons (D:1)
  3 frilled lizards (D:2)
  6 kobolds
  6 rats
38 creatures vanquished.

Notes
Turn   | Place    | Note
-------+----------+-------------------------------------------
     0 | D:1      | slep the Demonspawn Fighter began the quest for the Orb.
     0 | D:1      | Reached XP level 1. HP: 18/18 MP: 1/1
    98 | D:1      | Gained mutation: You have a somewhat thin skeletal structure. (Dex +2, Stealth) [demonic ancestry]
    98 | D:1      | Reached XP level 2. HP: 18/24 MP: 2/2
   560 | D:2      | Reached XP level 3. HP: 29/29 MP: 3/3
   574 | D:2      | Found a stormy altar of Qazlal.
   784 | D:2      | Found a sacrificial altar of Ru.
  1067 | D:2      | HP: 1/29 [quokka (3)]
  1069 | D:2      | Slain by a quokka

Vault maps used:
D:1:      minmay_arrival_glassed_features
D:2:      lemuel_round_altar, grunt_qazlal_sundering

Skill      XL: |  1  2 |
---------------+-------+-----
Shields        | 3 |  3.2
Armour         | 3 |  3.0
Polearms       | 2 |  2.1
Fighting       | |  3.4

Action                   || total
-------------------------++-------
Melee: Trident           ||   144
Armor: Scale mail        ||    16
       Chain mail        ||    62
Dodge: Dodged            ||    34
Block: Shield            ||    92

Table legend:
 A = Spawn XP
 B = Non-spawn XP
 C = Spawn XP percentage of total XP
 D = Spawn monster count
 E = Non-spawn monster count
 F = Spawn count percentage of total count
 G = Total turns spent on level
                    A         B        C        D         E        F      G
               +---------+---------+-------+---------+---------+-------+---------
         Total |       0 |      65 |   0.0 |       0 |      38 |   0.0 |  1069
               +---------+---------+-------+---------+---------+-------+---------
           D:1 |       0 |      37 |   0.0 |       0 |      21 |   0.0 |   523
           D:2 |       0 |      28 |   0.0 |       0 |      17 |   0.0 |   546
               +---------+---------+-------+---------+---------+-------+---------
